 Dungeon Crawl Stone Soup version 0.22-a0-240-g539252a (webtiles) character file.

53 wolfsongas the Skirmisher (level 3, -2/24 HPs)
             Began as a Gargoyle Monk on Feb 22, 2018.
             Slain by Terence
             ... wielding a +0 flail
              (4 damage)
             ... on level 2 of the Dungeon.
             The game lasted 00:03:40 (1431 turns).

wolfsongas the Skirmisher (Gargoyle Monk)           Turns: 1431, Time: 00:03:41

Health: -2/24      AC: 10    Str: 20    XL:     3   Next: 89%
Magic:  3/3        EV: 11    Int: 10    God:
Gold:   55         SH:  0    Dex: 12    Spells: 2/2 levels left

rFire    . . .     SeeInvis .   n - -1 hunting sling (curse)
rCold    . . .     Gourm    .   (no shield)
rNeg     + . .     Faith    .   j - +0 ring mail
rPois    ∞         Spirit   .   (no helmet)
rElec    +         Reflect  .   (no cloak)
rCorr    .         Harm     .   (no gloves)
MR       .....                  l - +1 pair of boots
Stlth    +.........             (no amulet)
HPRegen  0.08/turn              f - ring of wizardry
MPRegen  0.08/turn              (no ring)

@: mighty, hasted, very quick
A: negative energy resistance 1, electricity resistance, unbreathing,
petrification resistance, rot immunity, AC +3
a: no special abilities


You were on level 2 of the Dungeon.
You were not hungry.

You visited 1 branch of the dungeon, and saw 3 of its levels.

You collected 55 gold pieces.

Inventory:

Hand Weapons
 a - a +0 short sword
 n - a cursed -1 hunting sling (weapon)
Missiles
 b - 87 stones (quivered)
Armour
 j - a +0 ring mail (worn)
 l - a +1 pair of boots (worn)
Jewellery
 f - a ring of wizardry (left hand)
Scrolls
 m - a scroll of teleportation {unknown}
Potions
 e - a potion of curing
 k - a potion of brilliance
Comestibles
 c - 2 rations
 i - 2 chunks of flesh


   Skills:
 + Level 4.0 Fighting
 + Level 3.2 Short Blades
 + Level 1.8 Armour
 - Level 2.4 Dodging
 - Level 2.3 Stealth


You had 2 spell levels left.
You didn't know any spells.

Dungeon Overview and Level Annotations

Branches:
Dungeon (3/15)

Altars:

Annotations:
D:2 Terence


Innate Abilities, Weirdness & Mutations

You are resistant to torment.
Your stone body is resilient. (AC +3)
You are immune to poison.
You resist negative energy. (rN+)
You are resistant to electric shocks. (rElec)
You can survive without breathing.
You are immune to petrification.
You are immune to rotting.


Message History

Terence is moderately wounded.
The orc priest hits you but does no damage.
Firing (i - inventory)
b - 89 stones (quivered)
Press: ? - help, Shift-Dir - straight line, f/p - Terence
Aim: Terence, wielding a flail, wearing a ring mail and carrying a wand of digging (18) (moderately wounded)
You shoot a stone.
The stone hits Terence but does no damage.
Terence is moderately wounded.
Terence hits you with a flail.
Firing (i - inventory)
b - 88 stones (quivered)
Press: ? - help, Shift-Dir - straight line, f/p - Terence
Aim: Terence, wielding a flail, wearing a ring mail and carrying a wand of digging (18) (moderately wounded)
You shoot a stone.
The stone hits Terence but does no damage.
Terence is moderately wounded.
The orc priest calls down the wrath of Beogh upon you.
Pain shoots through your body!
* * * LOW HITPOINT WARNING * * *
Terence hits you with a flail.
You die...

##.#.###.### #.#####.# #..##
#.#)# #...#######..##...# ##...
#.#.# ###......(.......## ###.
##.#.# ####...........# ##
#..#.#### #...........# #.##....#
#..<....^...# #### #.#####.#
#...........######...
..#####.########@o.............##
..##............@######.#####....
.....####...###### #........##
..#### ###......# #####..####...
### ######.# #.....## ###.
#.###.##### #. #.....# #. #..####
#. #### #. #.


You could see Terence and an orc priest.

Vanquished Creatures
  2 adders (D:2)
  2 dart slugs
  A leopard gecko (D:1)
  A ball python (D:1)
  3 bats (D:1)
  3 giant cockroaches
  5 goblins
  4 hobgoblins
  A frilled lizard (D:1)
  2 kobolds (D:2)
  5 rats
29 creatures vanquished.

Notes
Turn   | Place    | Note
-------+----------+-------------------------------------------
     0 | D:1      | wolfsongas the Gargoyle Monk began the quest for the Orb.
     0 | D:1      | Reached XP level 1. HP: 14/14 MP: 1/1
   166 | D:1      | Reached XP level 2. HP: 14/19 MP: 2/2
   280 | D:1      | Reached skill level 1 in Armour
   944 | D:2      | Reached XP level 3. HP: 24/24 MP: 3/3
  1283 | D:2      | Reached skill level 4 in Fighting
  1410 | D:3      | Noticed Terence
  1431 | D:2      | Slain by Terence

Vault maps used:
D:1:      nzn_arrival_settlement, minmay_heptomino_w4
D:3:      nicolae_ru_great_annihilating_truth, uniq_terence, uniq_sigmund

Skill      XL: |  1  2  3 |
---------------+----------+-----
Short Blades   | 3 |  3.2
Armour         | 1 |  1.8
Fighting       | 4 |  4.0
Dodging        | |  2.4
Stealth        | |  2.3

Action                   || total
-------------------------++-------
Melee: Short sword       ||    49
       Hunting sling     ||    24
 Fire: Hunting sling     ||    60
  Use: Scroll            ||     7
       Potion            ||     3
 Stab: Sleeping          ||     1
  Eat: Chunk             ||     2
Armor: Robe              ||    17
       Ring mail         ||    33
Dodge: Dodged            ||    69

Table legend:
 A = Spawn XP
 B = Non-spawn XP
 C = Spawn XP percentage of total XP
 D = Spawn monster count
 E = Non-spawn monster count
 F = Spawn count percentage of total count
 G = Total turns spent on level
                    A         B        C        D         E        F      G
               +---------+---------+-------+---------+---------+-------+---------
         Total |       0 |      77 |   0.0 |       0 |      29 |   0.0 |  1431
               +---------+---------+-------+---------+---------+-------+---------
           D:1 |       0 |      33 |   0.0 |       0 |      17 |   0.0 |   922
           D:2 |       0 |      42 |   0.0 |       0 |      11 |   0.0 |   497
           D:3 |       0 |       2 |   0.0 |       0 |       1 |   0.0 |    12
               +---------+---------+-------+---------+---------+-------+---------
